 Dungeon Crawl Stone Soup version 0.31.0-12-g77e489cdc1 (webtiles) character file.

Game seed: 9507246000392045168

6099 Limofeus the Thaumaturge (level 10, -3/50 HPs)
             Began as a Deep Elf Conjurer on Feb 13, 2024.
             Was a Follower of Vehumet.
             Slain by an orc wizard
             ... wielding a +0 dagger of electrocution
              (16 damage)
             ... on level 8 of the Dungeon on Feb 18, 2024.
             The game lasted 01:09:47 (11056 turns).

Limofeus the Thaumaturge (Deep Elf Conjurer)       Turns: 11056, Time: 01:09:47

Health: -3/50      AC: 11    Str:  4    XL:     10   Next: 58%
Magic:  9/33       EV: 10    Int: 34    God:    Vehumet [*.....]
Gold:   53         SH:  0    Dex: 13    Spells: 10/26 levels left

rFire   . . .        h - +4 sling (drain)
rCold   . . .        x - orb {*channel}
rNeg    . . .        w - +0 ring mail
rPois   .            z - +0 helmet
rElec   .            y - +0 cloak
rCorr   .            (no gloves)
SInv    .            o - +2 pair of boots
Will    +....        m - amulet of faith
Stlth   +++          c - ring of magical power
HPRegen 0.28/turn    t - +6 ring of intelligence
MPRegen 0.23/turn

%: faith, channel magic (20%)
@: swift (expiring), very slightly contaminated, slowed
A: no striking features
a: Renounce Religion


You were on level 8 of the Dungeon.
You worshipped Vehumet.
Vehumet was aware of your devotion.
You visited 2 branches of the dungeon, and saw 9 of its levels.

You collected 461 gold pieces.
You spent 408 gold pieces at shops.

Inventory:

Hand Weapons
 h - a +4 sling of draining (weapon)
 r - a +1 orcbow of flaming
Armour
 a - a +0 robe
 o - a +2 pair of boots (worn)
 w - a +0 ring mail (worn)
 x - an orb of energy (worn)
 y - a +0 cloak (worn)
 z - a +0 helmet (worn)
Jewellery
 c - a ring of magical power (left hand)
 k - an amulet of guardian spirit
 m - an amulet of faith (around neck)
 t - a +6 ring of intelligence (right hand)
Wands
 e - a wand of paralysis (9)
 p - a wand of flame (8)
Scrolls
 d - a scroll of vulnerability
 j - a scroll of brand weapon
 u - a scroll of enchant weapon
Potions
 b - a potion of berserk rage
 f - 3 potions of degeneration
 g - 2 potions of curing
 l - 4 potions of resistance
 n - a potion of attraction
 q - 3 potions of haste
 s - a potion of brilliance
 v - a potion of heal wounds


   Skills:
 - Level 8.0 Ranged Weapons
 + Level 4.1 Armour
 + Level 7.7 Dodging
 - Level 7.0 Stealth
 + Level 8.9 Spellcasting
 + Level 7.7 Conjurations
 - Level 4.0 Summonings
 - Level 4.0 Translocations
 + Level 2.6 Air Magic
 + Level 1.0 Earth Magic
 - Level 4.0 Evocations


You had 10 spell levels left.
You knew the following spells:

 Your Spells              Type           Power      Damage    Failure   Level
a - Magic Dart            Conj           100%       1d8       4%          1
b - Searing Ray           Conj           100%       2d8       5%          2
c - Iskenderun's Mystic   Conj/Tloc      53%        2d11      32%         4
d - Call Imp              Summ           84%        N/A       14%         2
e - Blink                 Tloc           84%        N/A       14%         2
f - Swiftness             Air            33%        N/A       34%         3
g - Shock                 Conj/Air       100%       1d9       8%          1
h - Sandblast             Erth           44%        2d11      24%         1

Your spell library contained the following spells:

 Spells                   Type           Power      Damage    Failure   Level
 Dazzling Flash           Conj/Hex       82%        N/A       24%         3
 Mephitic Cloud           Conj/Alch/Air  38%        N/A       26%         3
 Mercury Vapours          Alch/Air       48%        N/A       32%         2
 Volatile Blastmotes      Fire/Tloc      56%        2d14      41%         3
 Ensorcelled Hibernation  Hex/Ice        30%        N/A       45%         2
 Jinxbite                 Hex            30%        N/A       45%         2
 Sublimation of Blood     Necr           15%        N/A       45%         2
 Fulminant Prism          Conj/Alch      20%        3d12      52%         4
 Fugue of the Fallen      Necr           15%        N/A       65%         3
 Airstrike                Air            16%        2d(3-19)  67%         4
 Freezing Cloud           Conj/Ice/Air   19%        6-21      87%         5
 Anguish                  Hex/Necr       7%         N/A       94%         4
 Yara's Violent Unravell  Hex/Alch       7%         3d5       100%        5
 Starburst                Conj/Fire      20%        6d7       100%        6
 Enfeeble                 Hex            7%         N/A       100%        7
 Summon Hydra             Summ           21%        N/A       100%        7
 Maxwell's Capacitive Co  Air            16%        ∞         100%        8


Dungeon Overview and Level Annotations

Branches:
Dungeon (8/15)             Temple (1/1) D:7
   Lair: D:8-11

Altars:
Ashenzari
Dithmenos
Fedhas
Gozag
Hepliaklqana
Kikubaaqudgha
Makhleb
Okawaru
Qazlal
Ru
Sif Muna
Trog
Vehumet
Wu Jian
Yredelemnul
Zin
The Shining One

Shops:
D:6 =   D:7 [


Message History

Confirm with . or Enter, or press ? or * to list all spells.
You miscast Iskenderun's Mystic Blast.
Nothing appears to happen.
Magical energy flows into your mind! The wraith hits you but does no damage.
The orc wizard mumbles some strange words.
The orc wizard flickers and vanishes!
Deactivating autopickup; reactivate with Ctrl-A.
The wraith hits you. The wraith drains your vigour!
You feel as though you will be slow longer.
Casting: Iskenderun's Mystic Blast (quite dangerous; 32% risk of failure)
Confirm with . or Enter, or press ? or * to list all spells.
You erupt in a blast of force!
The mystic blast hits the orc priest!
The orc priest is heavily wounded.
The orc priest is knocked back by the mystic blast.
The mystic blast hits the wraith.
The wraith is moderately damaged.
The wraith is knocked back by the mystic blast.
Magical energy flows into your mind!
You start to feel a little slower.
Casting: Iskenderun's Mystic Blast (quite dangerous; 32% risk of failure)
Confirm with . or Enter, or press ? or * to list all spells.
Aiming: Searing Ray (safe; 5% risk of failure)
Press: ? - help, Shift-Dir - straight line The searing ray hits the wraith.
The wraith is heavily damaged.
The searing ray hits the orc priest!
You kill the orc priest!
Vehumet accepts your kill. (Press . to maintain the ray.)
The wraith hits you but does no damage. The wraith closely misses you.
The searing ray hits the wraith!
The wraith is severely damaged.
You hear some strange, mumbled words.
A magic dart appears from out of thin air!
The magic dart hits you!
* * * LOW HITPOINT WARNING * * *
The wraith barely misses you.
The searing ray hits the wraith.
The wraith is severely damaged.
Something hits you but does no damage.
You are electrocuted!
You die...

# #.# #..o##### #
#.# # #.# # #.# #o#
#.# #.# #.#####.###
####
#.........####..##
#.#####.#†⌠.⌠...8#
###.#####.#...[{.=.#
..........#.⌠.$W@.8#
...........#####..##
.##.######.# ####
.<..# #.# ##### ...
.# #.


You could see a wraith.

Vanquished Creatures
  A deep elf pyromancer (D:7)
  A troll (D:8)
  Prince Ribbit (D:5)
  Grinder (D:3)
  Eustachio (D:5)
  A steam dragon (D:8)
  6 yaks
  An acid dragon (D:7)
  2 water moccasins
  3 sky beasts
  6 orc warriors
  2 ice beasts
  3 black bears
  2 ogres
  3 centaurs
  3 phantoms
  Blork the orc (D:5)
  2 bullfrogs
  A gnoll sergeant (D:6)
  2 scorpions (D:5)
  A wight (D:6)
  4 killer bees (D:7)
  A howler monkey (D:6)
  4 jellies
  Crazy Yiuf (D:2)
  A gnoll bouda (D:6)
  11 orc priests
  4 iguanas
  A sleepcap (D:6)
  Ijyb (D:5)
  7 orc wizards
  Robin (D:2)
  4 gnolls (D:6)
  9 adders
  A shadow imp (D:7)
  2 dart slugs
  2 ribbon worms (D:4)
  33 orcs
  6 ball pythons
  7 bats
  9 endoplasms
  7 giant cockroaches
  15 goblins
  6 hobgoblins
  4 quokkas
  5 frilled lizards
  4 kobolds
  7 rats
201 creatures vanquished.

Notes
Turn   | Place    | Note
-------+----------+-------------------------------------------
     0 | D:1      | Limofeus the Deep Elf Conjurer began the quest for the Orb.
     0 | D:1      | Reached XP level 1. HP: 10/10 MP: 6/6
   111 | D:1      | Reached XP level 2. HP: 13/15 MP: 0/8
   188 | D:1      | Learned a level 2 spell: Searing Ray
   309 | D:1      | Noticed a shining eye
   311 | D:1      | Found a faded altar of an unknown god.
   361 | D:1      | Noticed a golden eye
   366 | D:1      | Noticed a golden eye
   400 | D:1      | Noticed a great orb of eyes
  1134 | D:2      | Reached XP level 3. HP: 19/19 MP: 9/9
  1435 | D:2      | Reached skill level 1 in Ranged Weapons
  1535 | D:2      | Found a runed translucent door.
  1536 | D:2      | Noticed Crazy Yiuf
  1690 | D:2      | Noticed Robin
  1696 | D:2      | Killed Robin
  1697 | D:2      | Reached XP level 4. HP: 12/24 MP: 6/11
  1964 | D:2      | Learned a level 4 spell: Iskenderun's Mystic Blast
  2051 | D:3      | Found an opulent altar of Gozag.
  2475 | D:3      | Reached XP level 5. HP: 27/28 MP: 10/13
  2563 | D:3      | Noticed Grinder
  2570 | D:3      | Paralysed by Grinder for 4 turns
  2580 | D:3      | Killed Grinder
  2581 | D:3      | Reached skill level 1 in Armour
  2581 | D:3      | Reached skill level 5 in Spellcasting
  2581 | D:3      | Reached skill level 5 in Conjurations
  2581 | D:3      | Reached skill level 1 in Translocations
  2581 | D:3      | Reached XP level 6. HP: 16/32 MP: 11/15
  3188 | D:4      | Found a glowing drain.
  3563 | D:4      | Reached XP level 7. HP: 36/36 MP: 12/17
  3967 | D:5      | Entered Level 5 of the Dungeon
  4014 | D:5      | Noticed Ijyb
  4018 | D:5      | Paralysed by Ijyb for 4 turns
  4025 | D:5      | Killed Ijyb
  4100 | D:5      | Learned a level 2 spell: Call Imp
  4147 | D:5      | Noticed Eustachio
  4149 | D:5      | Found a stormy altar of Qazlal.
  4277 | D:5      | Killed Eustachio
  4278 | D:5      | Reached skill level 1 in Summonings
  4306 | D:5      | Reached skill level 1 in Evocations
  4766 | D:5      | Noticed Blork the orc
  4775 | D:5      | Killed Blork the orc
  4893 | D:5      | Reached XP level 8. HP: 41/41 MP: 14/19
  4961 | D:5      | Noticed Prince Ribbit
  4968 | D:5      | Killed Prince Ribbit
  4969 | D:5      | Reached skill level 5 in Dodging
  5910 | D:6      | Learned a level 2 spell: Blink
  6235 | D:6      | Reached XP level 9. HP: 45/45 MP: 17/21
  6451 | D:6      | Reached skill level 5 in Ranged Weapons
  6992 | D:6      | Found Idiat's Jewellery Shoppe.
  7016 | D:6      | Reached skill level 5 in Stealth
  7180 | D:6      | Bought a ring of magical power for 300 gold pieces
  7613 | D:7      | Noticed a deep elf pyromancer
  7717 | D:2      | Killed Crazy Yiuf
  8409 | D:7      | Learned a level 3 spell: Swiftness
  8641 | D:7      | Found Naumez's Antique Armour Boutique.
  8763 | D:7      | Killed a deep elf pyromancer
  8764 | D:7      | Reached skill level 1 in Air Magic
  8764 | D:7      | Reached XP level 10. HP: 50/50 MP: 24/24
  8795 | D:7      | Found a staircase to the Ecumenical Temple.
  8802 | Temple   | Entered the Ecumenical Temple
  8886 | Temple   | Became a worshipper of Vehumet
  9039 | D:7      | Found a shadowy altar of Dithmenos.
  9066 | D:7      | Learned a level 1 spell: Shock
 10277 | D:8      | Reached * piety under Vehumet
 10277 | D:8      | Offered knowledge of Sandblast by Vehumet.
 10412 | D:7      | Learned a level 1 spell: Sandblast
 10444 | D:7      | Bought a ring mail for 108 gold pieces
 11051 | D:8      | Reached skill level 1 in Earth Magic
 11056 | D:8      | Slain by an orc wizard

Illustrated notes

Levels and vault maps discovered:
D:1:      evilmike_arrival_hilbert_curve, layout_loops_ring,
          hellmonk_ecumenical_altar_watching_god, minmay_misc_feat_five,
          serial_bayou_pond_b
D:2:      layout_basic, uniq_robin, uniq_crazy_yiuf_cottage
D:3:      minmay_spotlight, layout_basic, lemuel_crystal_altar, uniq_grinder
D:4:      wad_crossroads, layout_basic, portal_sewer_entry_a,
          minmay_misc_feat_chi, nicolae_twisty_statue_hallways
D:5:      layout_basic, nicolae_qazlal_beasts_of_the_sky, uniq_prince_ribbit1,
          uniq_ijyb, uniq_eustachio, uniq_blork_the_orc
D:6:      layout_gridville, serial_shops, nicolae_shop_tiny_statue_garden,
          sword_in_stone
D:7:      layout_rooms, grunt_dithmenos_smoke_and_mirrors,
          minmay_temple_entry_hall, serial_shops, shop,
          guppyfry_early_elven_hall
D:8:      layout_loops_ring, slow_altar_1, small_chamber_with_monster,
          minmay_evil_grid
Temple:   nicolae_temple_bog_church

Skill      XL: |  1  2  3  4  5  6  7  8  9 10 |
---------------+-------------------------------+-----
Stealth        | 3 4 6 7 |  7.0
Dodging        | 3 4 5 7 |  7.7
Ranged Weapons | 1 2 3 4 7 8 |  8.0
Spellcasting   | 4 5 6 8 |  8.9
Armour         | 1 2 3 4 |  4.1
Conjurations   | 5 6 7 |  7.7
Translocations | 1 2 3 4 |  4.0
Summonings     | 2 4 |  4.0
Evocations     | 1 4 |  4.0
Air Magic      | 1 2 |  2.6
Earth Magic    | 1 |  1.0

Action                     |  1- 3 |  4- 6 |  7- 9 | 10-12 || total
---------------------------+-------+-------+-------+-------++-------
  Melee: Unarmed           |    20 |       |       |       ||    20
   Fire: Sling             |    61 |   110 |    78 |     9 ||   258
         Orcbow            |       |       |    48 |       ||    48
  Throw: Throwing net      |       |       |       |     2 ||     2
   Cast: Magic Dart        |    47 |       |       |     6 ||    53
         Searing Ray       |     2 |    11 |    47 |    21 ||    81
         Iskenderun's Myst |       |     1 |    21 |    22 ||    44
         Call Imp          |       |       |     5 |       ||     5
         Blink             |       |       |     6 |       ||     6
         Sandblast         |       |       |       |     8 ||     8
         Swiftness         |       |       |       |     1 ||     1
  Evoke: Wand              |       |       |     8 |       ||     8
    Use: Potion            |       |     1 |     2 |     1 ||     4
         Scroll            |       |    12 |     7 |     1 ||    20
 Armour: Robe              |    25 |    26 |    83 |    21 ||   155
         Ring mail         |       |       |       |    11 ||    11
  Dodge: Dodged            |    28 |    30 |   104 |    27 ||   189
